AoeStats
← RustyShackleford

Arabia

510017932Analyzed
2v2 RM · 4d ago on Sep 29, 2026· 64m 43s· 4 players
Game mode
Random Map
Map size
Medium (4 player)
Population
200
Speed
Normal
Resources
Standard
Victory
Conquest
Starting age
Dark Age
Ending age
Imperial Age
RankedLock teamsTeams togetherTeam positionsShared explorationLock speedFull tech treeHidden civsTurbo modeCheats
Victory
Defeat
🇺🇸 Mongols · United States
661
+13
🇺🇸 Persians · United States
551
+19
🇨🇱 Bulgarians · Chile
620
-17
🇦🇺 Teutons · Australia
578
-15
RustyShackleford
10:07 Feudal Age
8:25 Loom
10:56 Double-Bit Axe
10:54 Horse Collar
15:40 Bloodlines
18:35 Scale Barding Armor
19:41 Wheelbarrow
23:24 Castle Age
23:44 Forging
24:58 Bow Saw
24:51 Heavy Plow
25:54 Iron Casting
28:24 Gold Mining
28:25 Stone Mining
32:21 Crossbowman
34:59 Gold Shaft Mining
34:20 Fletching
36:17 Hand Cart
39:30 Chain Barding Armor
39:46 Town Watch
44:56 Husbandry
55:48 Town Patrol
klimo1313
8:28 Loom
10:51 Feudal Age
11:29 Horse Collar
11:39 Double-Bit Axe
21:08 Scale Barding Armor
21:04 Padded Archer Armor
20:55 Fletching
21:16 Forging
28:21 Castle Age
26:58 Wheelbarrow
27:25 Bloodlines
29:03 Husbandry
28:33 Elite Skirmisher
29:19 Thumb Ring
29:39 Chain Barding Armor
29:35 Leather Archer Armor
29:44 Pikeman
41:32 Parthian Tactics
47:23 Imperial Age
45:13 Hand Cart
45:21 Bodkin Arrow
50:22 Conscription
50:54 Ballistics
51:39 Chemistry
59:37 Town Watch
iBita
15:09 Feudal Age
19:28 Horse Collar
21:26 Gold Mining
21:26 Double-Bit Axe
24:59 Scale Mail Armor
25:11 Forging
24:56 Stone Mining
29:59 Castle Age
37:13 Pikeman
39:17 Stone Shaft Mining
53:33 Murder Holes
GarbageGamerGreg
0:35 Loom
13:55 Feudal Age
15:00 Town Watch
15:07 Double-Bit Axe
17:39 Wheelbarrow
20:16 Castle Age
19:10 Horse Collar
19:51 Fletching
20:12 Forging
20:03 Scale Mail Armor
21:37 Hand Cart
21:21 Stone Mining
21:59 Heavy Plow
23:50 Town Patrol
24:22 Bow Saw
25:09 Caravan
27:10 Masonry
26:29 Pikeman
27:10 Squires
28:16 Iron Casting
27:38 Arson
29:32 Bodkin Arrow
31:35 Ballistics
34:57 Ironclad
37:55 Chain Mail Armor
44:23 Imperial Age
43:47 Padded Archer Armor
45:48 Hoardings
45:04 Arrowslits
45:28 Siege Engineers
45:58 Plate Mail Armor
46:46 Conscription
47:04 Capped Ram
51:42 Crop Rotation
52:24 Gold Mining
Connection lost

Rejoining the realm…

Still unreachable

The connection could not be restored.

Session expired

The server has moved on; the page needs a fresh start.